 Dungeon Crawl Stone Soup version 0.29.1-12-g30fa7ad0bf (webtiles) character file.

Game seed: 7698961625068422007

90 DemonSlayer the Digger (level 4, -4/30 HPs)
             Began as a Demonspawn Earth Elementalist on Jan 5, 2023.
             Slain by an orc
             ... wielding a +2 morningstar of protection
              (7 damage)
             ... on level 3 of the Dungeon.
             The game lasted 00:03:36 (2161 turns).

DemonSlayer the Digger (DsEE)                       Turns: 2161, Time: 00:03:37

Health: -4/30      AC:  4    Str:  8    XL:     4   Next: 32%
Magic:  0/8        EV: 11    Int: 19    God:
Gold:   78         SH:  4    Dex: 13    Spells: 2/8 levels left

rFire   . . .      SeeInvis .   d - +0 whip
rCold   . . .      Faith    .   (no shield)
rNeg    . . .      Spirit   .   e - +0 leather armour
rPois   .          Reflect  .   (helmet restricted)
rElec   .          Harm     .   (no cloak)
rCorr   .          Rampage  .   j - +0 pair of gloves
Will    .....                   (no boots)
Stlth   ++........              (no amulet)
HPRegen 0.10/turn               o - ring of wizardry
MPRegen 0.11/turn               (no ring)

@: no status effects
A: antennae 1, large bone plates 1
a: no special abilities


You were on level 3 of the Dungeon.
You visited 1 branch of the dungeon, and saw 3 of its levels.

You collected 78 gold pieces.

Inventory:

Hand Weapons
 d - a +0 whip (weapon)
Armour
 e - a +0 leather armour (worn)
 j - a +0 pair of gloves (worn)
Jewellery
 g - an amulet of faith
 h - a ring of fire
 o - a ring of wizardry (left hand)
Scrolls
 a - a scroll of silence {unknown}
 f - a scroll of noise {unknown}
 m - 2 scrolls of enchant armour {unknown}
 p - a scroll of amnesia {unknown}
 q - a scroll of teleportation {unknown}
 r - 2 scrolls of identify {unknown}
Potions
 b - a potion of might {unknown}
 c - 3 potions of lignification {unknown}
 i - 3 potions of brilliance {unknown}
 k - a potion of cancellation {unknown}
 l - a potion of haste {unknown}
 n - a potion of flight {unknown}


   Skills:
 + Level 0.2 Maces & Flails
 + Level 0.3 Armour
 + Level 1.9 Dodging
 + Level 2.0 Stealth
 + Level 2.9 Spellcasting
 + Level 0.8 Transmutations
 + Level 3.8 Earth Magic


You had 2 spell levels left.
You knew the following spells:

 Your Spells              Type           Power      Damage    Failure   Level
a - Sandblast             Erth           34%        2d9       1%          1
b - Passwall              Tmut/Erth      9%         N/A       4%          2
c - Stone Arrow           Conj/Erth      20%        3d8       12%         3

Your spell library contained the following spells:

 Spells                   Type           Power      Damage    Failure   Level
 Petrify                  Tmut/Erth      11%        N/A       32%         4


Dungeon Overview and Level Annotations

Branches:
Dungeon (3/15)

Altars:


Innate Abilities, Weirdness & Mutations

You have a pair of small antennae on your head.
You are partially covered in large bone plates. (SH +4)


Message History

The orc hits you with a +2 morningstar of protection.
You are too injured to fight recklessly!
You are too injured to fight recklessly!
You are too injured to fight recklessly!
You are too injured to fight recklessly!
You are too injured to fight recklessly!
You are too injured to fight recklessly!
You hit the orc but do no damage.
The orc is moderately wounded.
The orc closely misses you.
You hit the orc but do no damage.
The orc is moderately wounded.
The orc misses you.
You hit the orc but do no damage.
The orc is moderately wounded.
You block the orc's attack.
You closely miss the orc.
The orc is moderately wounded.
The orc closely misses you.
You hit the orc but do no damage.
The orc is moderately wounded.
The orc closely misses you.
Casting: Sandblast (safe; 1% risk of failure)
Confirm with . or Enter, or press ? or * to list all spells.
Aiming: Sandblast (safe; 1% risk of failure)
Press: ? - help, Shift-Dir - straight line, f/p - orc
Aim: an orc, wielding a +2 morningstar of protection and wearing a +0 ring mail (moderately wounded, 84% to hit)
The blast of sand misses the orc.
The orc hits you with a +2 morningstar of protection!
* * * LOW HITPOINT WARNING * * *
You barely miss the orc.
The orc is moderately wounded.
The orc hits you with a +2 morningstar of protection.
* * * LOW HITPOINT WARNING * * *
The orc hits you with a +2 morningstar of protection.
* * * LOW HITPOINT WARNING * * *
You hit the orc but do no damage.
The orc is moderately wounded.
The orc hits you with a +2 morningstar of protection!
You die...

####.....# # ... #.# #
#.. #.# # #.###.# .
#.....# ###)### #...
#.# #..# #o# #..# #@#
#..# #######.#####
#..# ............#
#..#
.######.###.#######..#
#..........##.†###
#####.####........ #.#
####..... #.# #..##.
#.# #..##.


You could see an orc.

Vanquished Creatures
  2 adders (D:2)
  2 worms
  2 dart slugs (D:1)
  3 orcs (D:3)
  6 ball pythons
  8 endoplasms
  2 giant cockroaches (D:1)
  2 goblins (D:1)
  7 hobgoblins
  3 jackals (D:1)
  2 kobolds (D:1)
  2 quokkas
  5 bats
  6 frilled lizards
  3 rats
55 creatures vanquished.

Notes
Turn   | Place    | Note
-------+----------+-------------------------------------------
     0 | D:1      | DemonSlayer the Demonspawn Earth Elementalist began the
                  | quest for the Orb.
     0 | D:1      | Reached XP level 1. HP: 13/13 MP: 3/3
     6 | D:1      | Noticed a black bear
     6 | D:1      | Noticed a killer bee
     6 | D:1      | Noticed a hound
     7 | D:1      | Noticed a komodo dragon
   199 | D:1      | Gained mutation: You are partially covered in large bone
                  | plates. (SH +4) [demonic ancestry]
   199 | D:1      | Reached XP level 2. HP: 19/19 MP: 3/5
   254 | D:1      | Learned a level 2 spell: Passwall
   272 | D:1      | Reached skill level 3 in Earth Magic
   596 | D:1      | Reached XP level 3. HP: 23/24 MP: 1/6
  1188 | D:1      | Learned a level 3 spell: Stone Arrow
  1725 | D:2      | Found a faded altar of an unknown god.
  1760 | D:2      | Gained mutation: You have a pair of small antennae on your
                  | head. [demonic ancestry]
  1760 | D:2      | Reached XP level 4. HP: 30/30 MP: 4/8
  2161 | D:3      | Slain by an orc

Illustrated notes

Levels and vault maps discovered:
D:1:      onia_arrival_zoo_common, layout_loops_ring, serial_glass,
          glass_columns_c, glass_columns_a, glass_columns_c, glass_columns_b,
          glass_columns_b, glass_columns_c, nrook_mini_backslash,
          minmay_tetromino_i2
D:2:      layout_basic, shapermc_ecumenical_altar_mp_urbaneastern
D:3:      layout_loops_ring, minmay_misc_feat_tiny

Skill      XL: |  1  2  3 |
---------------+----------+-----
Earth Magic    | 3 |  3.8
Stealth        | 2 |  2.0
Maces & Flails | |  0.2
Armour         | |  0.3
Dodging        | |  1.9
Spellcasting   | |  2.9
Transmutations | |  0.8

Action                   |  1- 3 |  4- 6 || total
-------------------------+-------+-------++-------
Melee: Whip              |     7 |     7 ||    14
 Cast: Sandblast         |    65 |    22 ||    87
  Use: Potion            |     1 |       ||     1
Armor: Leather armour    |    11 |       ||    11
Dodge: Dodged            |    34 |     9 ||    43
Block: Other             |    13 |     4 ||    17
